[Event "Titled Tuesday Blitz March 07 Early 2023"]
[White "Boyer, Mahel"]
[Black "Hajiyev, Kanan"]
[WhiteFideId "45102422"]
[BlackFideId "13404148"]
[WhiteElo "2439"]
[BlackElo "2103"]
[Result "1-0"]
[Round "01"]
[TimeControl "180+2"]
[Date "2023.03.07"]
[WhiteClock "0:00:08"]
[BlackClock "0:00:02"]

1. e4 c6 2. d4 d5 3. e5 a6 4. c4 Bf5 5. Nc3 e6 6. Nge2 dxc4 7. Ng3 Bd3 8. Bxd3 cxd3 9. Qxd3 Ne7 10. O-O Nd5 11. Nce4 Be7 12. Nh5 g6 13. Ng7+ Kd7 14. Bh6 Kc8 15. Qf3 Qg8 16. Rac1 Nd7 17. b4 Bf8 18. Nf6 N7xf6 19. exf6 Bxb4 20. Rc4 Qd8 21. Rb1 Bd6 22. Qb3 Ra7 23. Bg5 h6 24. Bh4 g5 25. Bg3 Qxf6 26. Nh5 Qe7 27. Bxd6 Qxd6 28. Ng3 f5 29. Qf3 Qf4 30. Qb3 Qc7 31. Ne2 Rd8 32. Nc1 Kd7 33. Nd3 Ke7 34. Ne5 Kf6 35. Rbc1 Qe7 36. Qh3 Kg7 37. Qh5 Qe8 38. Qf3 Qe7 39. Qg3 Qf6 40. h4 Nf4 41. Qf3 Nd5 42. g3 g4 43. Qb3 h5 44. Re1 Qe7 45. Rc2 Nf6 46. Rce2 Ne4 47. Rxe4 fxe4 48. Rxe4 Qf6 49. Qe3 Rf8 50. Nd3 Qh6 51. Nf4 Rf6 52. Nxe6+ Kh7 53. Ng5+ Kg8 54. Re8+ Rf8 55. Re7 Raa8 56. Qb3+ Kh8 57. Qxb7 Rae8 58. Rh7+ Qxh7 59. Qxh7# 1-0


[Site "https://www.chess.com"]

[Event "Titled Tuesday Blitz March 07 Early 2023"]
[White "Shevtchenko, Olesya"]
[Black "Hambleton, Aman"]
[WhiteFideId "24131890"]
[BlackFideId "2606577"]
[WhiteElo "2003"]
[BlackElo "2511"]
[Result "0-1"]
[Round "01"]
[TimeControl "180+2"]
[Date "2023.03.07"]
[WhiteClock "0:00:21"]
[BlackClock "0:00:25"]

1. e4 c5 2. Nc3 e6 3. Nf3 Nc6 4. Bb5 Nge7 5. O-O a6 6. Bxc6 Nxc6 7. d4 cxd4 8. Nxd4 Be7 9. Be3 Ne5 10. Qe2 Qc7 11. Nf5 exf5 12. Nd5 Qd6 13. Rad1 O-O 14. Nb6 Qb8 15. exf5 d6 16. f4 Nc6 17. g4 Re8 18. Qf2 Bd8 19. Nxa8 Qxa8 20. Rxd6 Be7 21. Rd2 b5 22. Re2 Bf8 23. Rfe1 Bb7 24. f6 gxf6 25. Bc5 Rxe2 26. Rxe2 Qc8 27. Bxf8 Qxg4+ 28. Kf1 Qh3+ 29. Ke1 Kxf8 30. Qc5+ Kg7 31. Qg1+ Kh6 32. Qb6 Qd7 33. f5 Ne5 34. Qe3+ Kg7 35. Qg3+ Kf8 36. Rd2 Nf3+ 37. Qxf3 Qxd2+ 38. Kxd2 Bxf3 39. Ke3 Bd1 40. c3 Bc2 41. Kf4 Ke7 42. b3 Kd6 43. c4 bxc4 44. bxc4 Kc5 45. Kg4 Kxc4 46. Kh5 Bxf5 47. Kh6 Bb1 48. h4 Kb4 49. h5 Ka3 50. Kg7 Kxa2 51. h6 a5 52. Kh8 a4 53. Kg7 a3 54. Kg8 Kb3 55. Kg7 Bd3 56. Kg8 Kc2 57. Kg7 Kd1 58. Kh8 Ke2 59. Kg8 a2 60. Kg7 Kf3 61. Kg8 Kg4 62. Kh8 Kh5 63. Kg7 Kg5 64. Kh8 Kxh6 65. Kg8 Kg5 66. Kg7 h5 67. Kh8 h4 68. Kg7 h3 69. Kg8 h2 70. Kg7 Bf1 71. Kg8 f5 72. Kg7 f4 73. Kg8 f3 74. Kg7 f2 75. Kg8 f5 76. Kg7 f4 77. Kg8 f3 78. Kg7 Kf4 79. Kg8 Bc4+ 80. Kg7 a1=B+ 81. Kg6 Kg4 82. Kh6 f1=N 83. Kg6 f2 84. Kh6 Nd2 85. Kg6 Nb1 86. Kh6 Nc3 87. Kg6 h1=Q 88. Kg7 Qh8+ 89. Kxh8 f1=Q 90. Kg7 Qf6+ 91. Kxf6 Kf4 92. Kg6 Bf7+ 93. Kf6 Ne4+ 94. Kxf7 Kf5 95. Ke7 Ke5 96. Kf7 Nd6+ 97. Ke7 Bd4 98. Kd7 Kd5 99. Ke7 Be5 100. Kd7 Bf6 101. Kc7 Nc4 102. Kb7 Kc5 103. Ka6 Nb6 104. Ka5 Bc3+ 105. Ka6 Kc6 106. Ka7 Be5 107. Ka6 Bb8 108. Ka5 Nd5 109. Ka4 Kc5 110. Kb3 Nb4 111. Kb2 Bf4 112. Kc3 Be3 113. Kb3 Bd2 114. Ka3 Kc4 115. Ka4 Bc1 116. Ka5 Be3 117. Ka4 Bb6 118. Ka3 Nd3 119. Ka4 Nb2+ 120. Ka3 Kc3 121. Ka2 Kc2 122. Ka3 Bc5+ 123. Ka2 Bb4 124. Ka1 Nd3 125. Ka2 Nc1+ 126. Ka1 Bc3# 0-1


[Site "https://www.chess.com"]

[Event "Titled Tuesday Blitz March 07 Early 2023"]
[White "Lorparizangeneh, Shahin"]
[Black "Real_taiatai"]
[WhiteFideId "12521604"]
[WhiteElo "2526"]
[BlackElo "2413"]
[Result "1-0"]
[Round "01"]
[TimeControl "180+2"]
[Date "2023.03.07"]
[WhiteClock "0:00:21"]
[BlackClock "0:00:16"]

1. e4 c5 2. Nf3 Nc6 3. d4 cxd4 4. Nxd4 e5 5. Nb5 d6 6. c4 a6 7. N5c3 Nf6 8. Be2 g6 9. O-O Bg7 10. Be3 O-O 11. Na3 Be6 12. Nc2 Rc8 13. Qd3 Qe7 14. Nd5 Bxd5 15. cxd5 Nb8 16. Na3 Nbd7 17. b4 h5 18. h3 Nh7 19. Rac1 Qh4 20. Nc4 Qe7 21. Na5 Ndf6 22. a4 Nxe4 23. Qxe4 f5 24. Qb1 f4 25. Bb6 e4 26. Rxc8 Rxc8 27. Rc1 Rf8 28. Rc7 Qe5 29. Rxb7 Ng5 30. Nc6 Qc3 31. h4 f3 32. Bxa6 fxg2 33. Rxg7+ Kxg7 34. Bd4+ Qxd4 35. Nxd4 Nh3+ 36. Kxg2 Nf4+ 37. Kg3 g5 38. Ne6+ Nxe6 39. dxe6 Rf3+ 40. Kg2 Rf4 41. Qb2+ Kf8 42. hxg5 Ke7 43. Qf6+ Rxf6 44. gxf6+ Kxe6 45. Bc4+ Kxf6 46. a5 d5 47. Bxd5 Ke5 48. Bxe4 Kxe4 49. a6 1-0


[Site "https://www.chess.com"]

[Event "Titled Tuesday Blitz March 07 Early 2023"]
[White "Zherebtsova, Alexandra"]
[Black "Atakhan, Abtin"]
[WhiteFideId "24129518"]
[BlackFideId "22502203"]
[WhiteElo "2055"]
[BlackElo "2008"]
[Result "0-1"]
[Round "01"]
[TimeControl "180+2"]
[Date "2023.03.07"]
[WhiteClock "0:00:13"]
[BlackClock "0:00:45"]

1. d4 Nf6 2. Nf3 d5 3. c4 e6 4. e3 b6 5. Nbd2 Bb7 6. b3 Bd6 7. Bb2 O-O 8. Bd3 Nbd7 9. O-O a6 10. Ne5 c5 11. Qe2 Qc7 12. f4 Ne4 13. cxd5 exd5 14. Rac1 Nxd2 15. Qxd2 f6 16. Nxd7 Qxd7 17. dxc5 bxc5 18. Bb1 Rfe8 19. Qd3 Re4 20. Qd2 Re7 21. Qd3 Re4 22. Qd2 Rae8 23. Bxe4 Rxe4 24. Ba3 Qe7 25. Rfe1 d4 26. exd4 Bxf4 27. Qf2 Bxc1 28. Rxe4 Qxe4 29. Bxc1 cxd4 30. Qd2 d3 31. Bb2 Qg6 32. h3 Bxg2 33. Kh2 Bd5 34. Qf2 Qe4 35. Bd4 h5 36. h4 Qg4 37. Bb2 Qd1 38. Kg3 d2 0-1


[Site "https://www.chess.com"]

[Event "Titled Tuesday Blitz March 07 Early 2023"]
[White "Mahdavi, Reza"]
[Black "Chan, Kim Yew"]
[WhiteFideId "12595926"]
[BlackFideId "5717981"]
[WhiteElo "2208"]
[BlackElo "2206"]
[Result "1-0"]
[Round "01"]
[TimeControl "180+2"]
[Date "2023.03.07"]
[WhiteClock "0:01:17"]
[BlackClock "0:00:10"]

1. Nf3 c5 2. c4 Nf6 3. g3 e6 4. Bg2 d5 5. d4 Nc6 6. O-O dxc4 7. Qa4 Bd7 8. Qxc4 b5 9. Qd3 c4 10. Qc2 Rc8 11. e4 Be7 12. Qe2 O-O 13. Rd1 Nb4 14. Ne5 Be8 15. a3 Nc6 16. Nxc6 Rxc6 17. d5 exd5 18. exd5 Ra6 19. Nc3 Bc5 20. Bg5 h6 21. Ne4 Be7 22. Be3 Nxe4 23. Bxe4 Bd6 24. Bd4 Bd7 25. Bc2 Re8 26. Qf3 Qg5 27. Re1 b4 28. Rxe8+ Bxe8 29. Qe4 Bd7 30. Qh7+ Kf8 31. Re1 1-0


[Site "https://www.chess.com"]

[Event "Titled Tuesday Blitz March 07 Early 2023"]
[White "Petrova, Irina"]
[Black "Costachi, Mihnea"]
[WhiteFideId "14124122"]
[BlackFideId "1217518"]
[WhiteElo "2084"]
[BlackElo "2456"]
[Result "0-1"]
[Round "01"]
[TimeControl "180+2"]
[Date "2023.03.07"]
[WhiteClock "0:00:11"]
[BlackClock "0:00:24"]

1. e4 e5 2. Nf3 Nc6 3. Bb5 a6 4. Ba4 d6 5. O-O Bd7 6. d3 g6 7. c3 Bg7 8. Nbd2 Nf6 9. Re1 O-O 10. Nf1 h6 11. Ng3 Re8 12. h3 b5 13. Bc2 Na5 14. Be3 c5 15. Qd2 Kh7 16. Rad1 Qc7 17. Qe2 Rac8 18. Bc1 d5 19. Nh2 d4 20. Ng4 Bxg4 21. hxg4 Qd7 22. g5 hxg5 23. Bxg5 Qg4 24. Qxg4 Nxg4 25. f3 Bh6 26. Bxh6 Nxh6 27. Kf2 Kg7 28. Rh1 f6 29. Ne2 Nf7 30. Rh2 Rh8 31. Rdh1 Rxh2 32. Rxh2 f5 33. exf5 gxf5 34. Ng3 Kg6 35. Bd1 Rd8 36. Be2 Nc6 37. f4 exf4 38. Bh5+ Kf6 39. Nxf5 dxc3 40. bxc3 Rxd3 41. Bxf7 Kxf7 42. Rh3 Rd5 43. Rh7+ Kf6 44. Rh6+ Kxf5 45. Rxc6 Rd2+ 46. Kf3 Rd3+ 47. Kf2 Rxc3 48. Rxa6 Ke4 49. Re6+ Kd4 50. Rd6+ Ke5 51. Rb6 b4 52. Ra6 Rc2+ 53. Kf3 Rc3+ 54. Kf2 Kd5 55. Ra5 Ke4 56. Ra8 Rc2+ 57. Kf1 Ke3 58. Re8+ Kd3 59. Rd8+ Kc3 60. Rf8 Rxa2 61. Rxf4 b3 62. Rf3+ Kb4 63. Rf4+ c4 64. Rf8 Ra1+ 65. Ke2 b2 66. Rb8+ Kc3 0-1


[Site "https://www.chess.com"]

[Event "Titled Tuesday Blitz March 07 Early 2023"]
[White "Smirnov, Pavel"]
[Black "Pino Perez, Lazaro"]
[WhiteFideId "4123425"]
[BlackFideId "3517055"]
[WhiteElo "2519"]
[BlackElo "2170"]
[Result "1-0"]
[Round "01"]
[TimeControl "180+2"]
[Date "2023.03.07"]
[WhiteClock "0:01:45"]
[BlackClock "0:00:02"]

1. d4 d5 2. c4 e6 3. Nf3 Nf6 4. g3 dxc4 5. Bg2 c5 6. O-O Nc6 7. dxc5 Qxd1 8. Rxd1 Bxc5 9. Nbd2 c3 10. bxc3 O-O 11. Nb3 Be7 12. Nfd4 Nxd4 13. cxd4 Nd5 14. Na5 Bb4 15. Nc4 Bd7 16. Rb1 Nc3 17. Rxb4 Nxd1 18. Bxb7 Rab8 19. Bf4 Bc6 20. Bxb8 Rxb8 21. Na5 Bxb7 22. Rxb7 Rxb7 23. Nxb7 Nc3 24. Kf1 Nxa2 25. e3 Nb4 26. Ke2 Kf8 27. Kd2 Ke7 28. e4 Nc6 29. Kc3 a5 30. Nc5 f5 31. f3 g5 32. Kc4 h5 33. h4 g4 34. fxg4 fxg4 35. e5 Nb4 36. Ne4 Nd5 37. Kb5 1-0


[Site "https://www.chess.com"]

[Event "Titled Tuesday Blitz March 07 Early 2023"]
[White "Koridze, Lile"]
[Black "Pulpan, Jakub"]
[WhiteFideId "13612514"]
[BlackFideId "302759"]
[WhiteElo "2047"]
[BlackElo "2484"]
[Result "0-1"]
[Round "01"]
[TimeControl "180+2"]
[Date "2023.03.07"]
[WhiteClock "0:00:05"]
[BlackClock "0:00:05"]

1. d4 Nf6 2. c4 e6 3. Nf3 b6 4. g3 Bb7 5. Bg2 Be7 6. O-O O-O 7. Re1 Na6 8. a3 h6 9. Nc3 Ne4 10. Qc2 f5 11. Nd2 d5 12. b4 Nxc3 13. Qxc3 c6 14. Nf3 Bf6 15. Bb2 Rc8 16. Qb3 Qe7 17. Nd2 Kh8 18. f3 c5 19. dxc5 Bxb2 20. Qxb2 bxc5 21. b5 Nc7 22. e4 dxe4 23. fxe4 f4 24. Nf3 fxg3 25. hxg3 Ne8 26. Ne5 Kh7 27. Rf1 Nd6 28. Qe2 Qg5 29. Ng4 Nxc4 30. Qxc4 Qxg4 31. Rxf8 Rxf8 32. Qxc5 Rc8 33. Qf2 Bxe4 34. Qd4 Bf3 35. Qxa7 Qxg3 36. Qf2 Qxg2+ 37. Qxg2 Bxg2 38. Kxg2 Rc2+ 39. Kf3 Rb2 40. a4 h5 41. Ke4 h4 42. Ke5 g5 43. Kxe6 h3 44. Kf5 h2 45. a5 Rf2+ 46. Kg4 Rg2+ 47. Kf3 Rg1 48. Ra2 h1=Q+ 0-1


[Site "https://www.chess.com"]

[Event "Titled Tuesday Blitz March 07 Early 2023"]
[White "Garcia Ramos, Daniel"]
[Black "Nur-Mukhametova, Alisa"]
[WhiteFideId "32010311"]
[BlackFideId "54117739"]
[WhiteElo "2341"]
[BlackElo "1903"]
[Result "1/2-1/2"]
[Round "01"]
[TimeControl "180+2"]
[Date "2023.03.07"]
[WhiteClock "0:00:07"]
[BlackClock "0:00:15"]

1. e4 c5 2. Nf3 d6 3. d4 cxd4 4. Nxd4 Nf6 5. f3 e5 6. Nb3 Be6 7. c4 Qc7 8. Nc3 a6 9. Be3 Nbd7 10. Rc1 Be7 11. Qd2 O-O 12. Be2 Rac8 13. O-O Qb8 14. Nd5 Bxd5 15. cxd5 Nc5 16. Na5 Bd8 17. Qb4 Bxa5 18. Qxa5 b6 19. Qa3 a5 20. b4 axb4 21. Qxb4 Qa7 22. a3 Ra8 23. Rc3 Qa5 24. Rb1 Nfd7 25. Bb5 Rfc8 26. Bc6 Rab8 27. Rc2 h6 28. h4 Qa7 29. Qc3 Nf6 30. Rcb2 Na4 31. Qb4 Nxb2 32. Rxb2 Qa5 33. Bxb6 Qxb4 34. Rxb4 Kf8 35. a4 Ke7 36. a5 Nd7 37. Kf2 Nc5 38. Ke3 Na6 39. Ra4 g6 40. g3 f5 41. Ra1 Kf6 42. g4 f4+ 43. Ke2 Nb4 44. Ba4 Nc2 45. Ra2 Nd4+ 46. Bxd4 exd4 47. Bc6 Rc7 48. Kd3 Ke5 49. a6 Ra7 50. Ra4 Rb3+ 51. Kd2 Rb6 52. Bb7 Rb2+ 53. Kc1 Rb3 54. Rc4 Rxf3 55. Rc8 Kxe4 56. Re8+ Kd3 57. Bc6 Rf1+ 58. Kb2 Ra1 59. Bb5+ Kd2 60. Kxa1 d3 61. Re4 Kc2 62. Rxf4 d2 63. Rc4+ Kb3 64. Rd4 Kc3 65. Rd3+ Kc2 66. Rxd2+ Kxd2 67. Kb2 Ke3 68. Kc3 Ke4 69. Kc4 Ke5 70. g5 hxg5 71. hxg5 Kf4 72. Kd4 Kxg5 73. Kc4 Kf6 74. Kb4 Ke5 75. Ka5 Kxd5 76. Kb6 Rxa6+ 77. Bxa6 g5 78. Bb7+ Ke5 79. Kb5 g4 80. Kc4 Kf4 81. Kd5 g3 82. Kxd6 Ke3 83. Bg2 Kf2 84. Bd5 g2 85. Bxg2 1/2-1/2


[Site "https://www.chess.com"]

[Event "Titled Tuesday Blitz March 07 Early 2023"]
[White "sissahungrychess"]
[Black "Cherniaiev, Tykhon"]
[BlackFideId "14182360"]
[WhiteElo "2403"]
[BlackElo "2450"]
[Result "0-1"]
[Round "01"]
[TimeControl "180+2"]
[Date "2023.03.07"]
[WhiteClock "0:00:08"]
[BlackClock "0:01:12"]

1. d4 Nf6 2. Nf3 e6 3. c4 d5 4. g3 Be7 5. Bg2 O-O 6. O-O dxc4 7. Qc2 a6 8. a4 Bd7 9. Qxc4 b5 10. Qc2 Bc6 11. Bf4 Bd6 12. Be5 Bxe5 13. dxe5 Be4 14. Qb3 Bd5 15. Qc2 Ne4 16. Rd1 Qe7 17. axb5 axb5 18. Rxa8 Bxa8 19. Nc3 Nxc3 20. Qxc3 Rd8 21. Rc1 Na6 22. Qa5 Bb7 23. Qxb5 Qb4 24. Qxb4 Nxb4 25. Rxc7 Ba6 26. Bf1 h6 27. Kg2 Rb8 28. e3 Bb7 29. Be2 Bd5 30. Rc3 Nc6 31. Rc2 Nxe5 32. h3 h5 33. Rd2 Bc6 34. g4 hxg4 35. hxg4 Nxg4 36. Kg3 Nf6 37. Ne5 Ne4+ 38. Kf4 Nxd2 39. Nxc6 Rxb2 40. Bd3 Nb3 41. f3 Nc5 42. Bc4 Kf8 43. Ne5 Rb4 44. Kg3 f6 0-1


[Site "https://www.chess.com"]

[Event "Titled Tuesday Blitz March 07 Early 2023"]
[White "Lortkipanidze, Nodar"]
[Black "Foerster-Yialamas, Lucas"]
[WhiteFideId "13604058"]
[BlackFideId "30901774"]
[WhiteElo "2336"]
[BlackElo "2067"]
[Result "1-0"]
[Round "01"]
[TimeControl "180+2"]
[Date "2023.03.07"]
[WhiteClock "0:00:20"]
[BlackClock "0:00:02"]

1. e4 e6 2. d4 b6 3. Bd3 Bb7 4. Nf3 c5 5. d5 exd5 6. exd5 Bxd5 7. Nc3 Bc6 8. O-O Be7 9. Re1 Nf6 10. Qe2 d5 11. Bg5 Nbd7 12. Bf5 d4 13. Bxd7+ Qxd7 14. Ne5 Qc7 15. Nxc6 O-O 16. Nxe7+ Kh8 17. Bxf6 gxf6 18. Ncd5 Qe5 19. Qxe5 fxe5 20. Rxe5 Rad8 21. Rae1 Rd6 22. Nf5 Re6 23. g4 h5 24. Rxe6 fxe6 25. Rxe6 hxg4 26. Rh6+ Kg8 27. Rg6+ Kh7 28. Rg7+ Kh8 29. Rg5 Rf7 30. Nf4 Rf6 31. Nh5 Rf8 32. Kg2 b5 33. Kg3 c4 34. Nxd4 b4 35. Nf4 Rf7 36. Ng6+ Kh7 37. Ne5 Re7 38. Kxg4 b3 39. cxb3 cxb3 40. axb3 a5 41. f4 a4 42. Nf5 Rb7 43. Rh5+ Kg8 44. Ng6 axb3 45. Rh8+ Kf7 46. Ne5+ Ke6 47. Re8+ Kd5 48. Rd8+ Kc5 49. Nd3+ Kc6 50. Nd4+ Kb6 51. Rd6+ Kc7 52. Rc6+ Kd7 53. Ne5+ Kd8 54. Rd6+ Ke7 55. Ndc6+ Kxd6 56. Nd4 Rg7+ 57. Kf3 Rg1 58. Nxb3 Rf1+ 59. Ke4 Rf2 60. h4 Re2+ 61. Kf3 Rh2 62. Kg3 Rh1 63. Nd4 Rg1+ 64. Kf3 Rg8 65. Ke4 Rg1 66. b4 Re1+ 67. Kf5 Ke7 68. b5 Kd8 69. b6 Rb1 70. Ne6+ Ke7 71. Nc7 Kd8 72. Nd5 Rb5 73. Ke6 Rb1 74. h5 Rh1 75. b7 Rb1 76. b8=Q+ Rxb8 77. Nc6+ Ke8 78. h6 Kf8 79. f5 Re8+ 80. Nce7 Ra8 81. h7 Kg7 82. h8=Q+ Kxh8 83. Ng6+ Kg7 84. Ne5 Ra6+ 85. Ke7 Ra7+ 86. Nd7 Kg8 87. Nf6+ Kg7 88. Ne8+ Kh7 89. f6 Ra1 90. f7 Re1+ 91. Kf8 Rf1 92. Nef6+ Kg6 93. Kg8 Rg1 94. f8=Q Kf5+ 95. Kf7 Rf1 96. Qc5+ Kf4 97. Qc4+ Kg5 98. Kg7 Rg1 99. Kf7 Kf5 100. Qe4+ Kg5 101. Qg6+ Kh4 102. Qh5+ Kg3 103. Ne5 Rf1 104. Qg4+ Kf2 105. Ke6 Ke1 106. Qe4+ Kf2 107. Neg4+ Kg1 108. Qe2 Ra1 109. Qf2+ Kh1 110. Qh2# 1-0


[Site "https://www.chess.com"]

[Event "Titled Tuesday Blitz March 07 Early 2023"]
[White "Benaddi, Mouhcine"]
[Black "Nasuta, Grzegorz"]
[WhiteFideId "9001050"]
[BlackFideId "1141686"]
[WhiteElo "2036"]
[BlackElo "2449"]
[Result "0-1"]
[Round "01"]
[TimeControl "180+2"]
[Date "2023.03.07"]
[WhiteClock "0:00:08"]
[BlackClock "0:00:10"]

1. Nf3 Nf6 2. g3 d5 3. Bg2 c5 4. d4 e6 5. O-O cxd4 6. Nxd4 e5 7. Nb5 a6 8. N5c3 Be6 9. Bg5 d4 10. Ne4 Nc6 11. Nxf6+ gxf6 12. Bd2 h5 13. h4 Qb6 14. Qc1 f5 15. c3 Rg8 16. cxd4 Nxd4 17. Nc3 Rc8 18. Qd1 f4 19. e3 fxe3 20. Bxe3 Qxb2 21. Ne4 Be7 22. Rb1 Qc2 23. Qxh5 b5 24. Qxe5 Ne2+ 25. Kh2 Qc7 26. Qh5 Nc3 27. Rbc1 b4 28. a3 a5 29. axb4 axb4 30. Nxc3 bxc3 31. Qb5+ Bd7 32. Qe2 Rg4 33. Kg1 Be6 34. Bh3 Rxg3+ 35. fxg3 Bxh3 36. Rf4 Be6 37. Bd4 c2 38. Rf2 Qxg3+ 39. Rg2 Qf4 40. Rg8+ Kd7 41. Qb5+ Rc6 42. Bb2 Bc5+ 43. Kh1 Bd5+ 44. Rg2 Qxh4# 0-1


[Site "https://www.chess.com"]

[Event "Titled Tuesday Blitz March 07 Early 2023"]
[White "Nazari, Arad"]
[Black "Hoffmann, Asa"]
[WhiteFideId "12577324"]
[BlackFideId "2001470"]
[WhiteElo "2313"]
[BlackElo "2117"]
[Result "1/2-1/2"]
[Round "01"]
[TimeControl "180+2"]
[Date "2023.03.07"]
[WhiteClock "0:00:06"]
[BlackClock "0:00:25"]

1. e4 d6 2. d4 Nf6 3. Nc3 c6 4. f4 Qa5 5. Bd3 e5 6. Nf3 exd4 7. Nxd4 Qb6 8. Nb3 a5 9. Qe2 a4 10. Be3 Qb4 11. a3 axb3 12. axb4 Rxa1+ 13. Nd1 Bg4 14. Qd2 Rxd1+ 15. Qxd1 Bxd1 16. Kxd1 d5 17. e5 Ne4 18. cxb3 Bxb4 19. Ke2 Nd7 20. Ra1 O-O 21. Ra4 Bc5 22. Bxe4 dxe4 23. Rxe4 Bxe3 24. Kxe3 Nc5 25. Rb4 Rd8 26. f5 Rd3+ 27. Ke2 Rxb3 28. Rd4 Rxb2+ 29. Ke3 h5 30. Rd8+ Kh7 31. Rf8 Rb4 32. Re8 b5 33. g3 Re4+ 34. Kf3 b4 35. h3 b3 36. g4 hxg4+ 37. hxg4 f6 38. e6 g6 39. Rc8 gxf5 40. gxf5 Nxe6 41. fxe6 Rxe6 42. Rb8 Kg6 43. Rxb3 c5 44. Rb8 Rc6 45. Ke3 c4 46. Kd2 c3+ 47. Kc2 Kg5 48. Rg8+ Kf4 49. Rg1 f5 50. Rf1+ Ke5 51. Re1+ Kd4 52. Rd1+ Ke5 53. Re1+ Kf6 54. Rf1 Rc4 55. Kd3 Rc5 56. Kc2 Ke5 57. Re1+ Kd6 58. Rf1 Kc6 59. Rf3 Kb5 60. Rxc3 Rd5 61. Rf3 Kc6 62. Kc3 Kd6 63. Kc4 Ra5 64. Kd4 Ra4+ 65. Ke3 Ke5 66. Rf1 Ra3+ 67. Kf2 Kf4 68. Rc1 Ra2+ 69. Kf1 Kg4 70. Rc3 f4 71. Rb3 f3 72. Rb8 Kf4 73. Rf8+ Ke3 74. Re8+ Kd4 75. Rd8+ Ke3 76. Re8+ Kf4 77. Rf8+ Ke3 78. Re8+ 1/2-1/2


[Site "https://www.chess.com"]

[Event "Titled Tuesday Blitz March 07 Early 2023"]
[White "Rios Escobar, Adan"]
[Black "Rozman, Levy"]
[WhiteFideId "3403645"]
[BlackFideId "2039877"]
[WhiteElo "2399"]
[BlackElo "2376"]
[Result "0-1"]
[Round "01"]
[TimeControl "180+2"]
[Date "2023.03.07"]
[WhiteClock "0:00:01"]
[BlackClock "0:01:13"]

1. d4 d5 2. g3 c5 3. Nf3 Nc6 4. Bg2 Bg4 5. Nbd2 e6 6. O-O Nf6 7. b3 cxd4 8. Bb2 Bc5 9. a3 a5 10. h3 Bh5 11. b4 axb4 12. axb4 Bxb4 13. Rxa8 Qxa8 14. Nxd4 Qa2 15. Nxc6 bxc6 16. Bxf6 gxf6 17. g4 Bg6 18. e4 O-O 19. h4 h6 20. g5 fxg5 21. hxg5 hxg5 22. Nf3 f6 23. Nd4 dxe4 24. Nxc6 Bc5 25. Qd7 Qd5 26. Ne7+ Bxe7 27. Qxe7 Rf7 28. Qe8+ Kg7 29. Bh3 g4 30. Bxg4 Qg5 31. Qxe6 Bh5 32. f3 exf3 33. Rxf3 Bxg4 0-1


[Site "https://www.chess.com"]

[Event "Titled Tuesday Blitz March 07 Early 2023"]
[White "Vishnu, Prasanna. V"]
[Black "Szyszylo, Rafal"]
[WhiteFideId "5030692"]
[BlackFideId "1109626"]
[WhiteElo "2468"]
[BlackElo "1951"]
[Result "1-0"]
[Round "01"]
[TimeControl "180+2"]
[Date "2023.03.07"]
[WhiteClock "0:00:59"]
[BlackClock "0:00:03"]

1. c4 Nf6 2. Nf3 g6 3. g3 Bg7 4. Bg2 O-O 5. O-O d6 6. Nc3 e5 7. d3 Nc6 8. Rb1 a5 9. b3 Bg4 10. Bb2 Qd7 11. Re1 Bh3 12. Bh1 h6 13. a3 Nh7 14. Nd5 f5 15. b4 axb4 16. axb4 Nf6 17. b5 Nd8 18. Nd2 Nxd5 19. cxd5 f4 20. Ne4 Bg4 21. Qc2 f3 22. exf3 Bxf3 23. Bxf3 Rxf3 24. Rec1 Rf7 25. Bc3 b6 26. Bd2 Nb7 27. Qc6 Qxc6 28. bxc6 Nc5 29. Ra1 Rxa1 30. Rxa1 Nxd3 31. Ra8+ Kh7 32. Ra7 Kg8 33. Nxd6 Rxf2 34. Be3 Re2 35. Ne8 Rxe3 36. Rxc7 Re1+ 37. Kg2 Re2+ 38. Kf3 Rf2+ 39. Ke3 Rf7 40. Kxd3 Rxc7 41. Nxc7 Kf7 42. Nb5 Bf8 43. c7 1-0


[Site "https://www.chess.com"]

[Event "Titled Tuesday Blitz March 07 Early 2023"]
[White "Ansh M Shah"]
[Black "Fernandez Guillen, Ernesto J."]
[WhiteFideId "25033379"]
[BlackFideId "3512428"]
[WhiteElo "2084"]
[BlackElo "2423"]
[Result "0-1"]
[Round "01"]
[TimeControl "180+2"]
[Date "2023.03.07"]
[WhiteClock "0:00:02"]
[BlackClock "0:00:20"]

1. d4 Nf6 2. c4 g6 3. h4 h6 4. Nc3 d5 5. cxd5 Nxd5 6. e4 Nxc3 7. bxc3 Bg7 8. Be3 c5 9. h5 g5 10. Bc4 Qa5 11. Qd2 Nc6 12. Ne2 cxd4 13. cxd4 Qxd2+ 14. Kxd2 O-O 15. Rhd1 Bg4 16. f3 Bxh5 17. g4 Bg6 18. Ke1 Rfd8 19. Kf2 Rac8 20. Bb3 Na5 21. Rdc1 e6 22. Rxc8 Rxc8 23. Rc1 Rxc1 24. Nxc1 Nxb3 25. Nxb3 b6 26. a4 f5 27. exf5 exf5 28. a5 fxg4 29. fxg4 Bf7 30. axb6 axb6 31. Nd2 Bd5 32. Nb1 Kf7 33. Nc3 Ke6 34. Ke2 Bf8 35. Na4 b5 36. Nc5+ Kd6 37. Bf2 Be6 38. Kf3 Kd5 39. Na6 Bd6 40. Nc5 Bc8 41. Nb3 Kc4 42. Nd2+ Kd3 43. Nb3 Bb7+ 0-1


[Site "https://www.chess.com"]

[Event "Titled Tuesday Blitz March 07 Early 2023"]
[White "Bolourchifard, Farzad"]
[Black "Begunov, Konstantin"]
[WhiteFideId "12510084"]
[BlackFideId "4118510"]
[WhiteElo "2317"]
[BlackElo "2079"]
[Result "1-0"]
[Round "01"]
[TimeControl "180+2"]
[Date "2023.03.07"]
[WhiteClock "0:02:16"]
[BlackClock "0:01:18"]

1. e4 c5 2. Nc3 d6 3. g3 Nc6 4. Bg2 g6 5. d3 Bg7 6. Be3 Rb8 7. Qd2 b5 8. Nge2 b4 9. Nd1 e6 10. O-O Bd7 11. a3 a5 12. axb4 axb4 13. d4 Qb6 14. e5 Nge7 15. exd6 cxd4 16. Nxd4 Bxd4 17. dxe7 Kxe7 18. Bxc6 Bxe3 19. Qxd7+ 1-0


[Site "https://www.chess.com"]

[Event "Titled Tuesday Blitz March 07 Early 2023"]
[White "Markus, Robert"]
[Black "Aradhya, Garg"]
[WhiteFideId "921637"]
[BlackFideId "25006746"]
[WhiteElo "2623"]
[BlackElo "2263"]
[Result "0-1"]
[Round "01"]
[TimeControl "180+2"]
[Date "2023.03.07"]
[WhiteClock "0:00:37"]
[BlackClock "0:00:53"]

1. e4 e5 2. Nf3 Nc6 3. Bc4 Nf6 4. d3 h6 5. O-O Bc5 6. c3 d6 7. a4 a5 8. Be3 O-O 9. Nbd2 Bxe3 10. fxe3 Be6 11. Qb3 Bxc4 12. Nxc4 Qd7 13. Rad1 Rfe8 14. Qc2 Qe6 15. Ncd2 Ne7 16. Rde1 Ng6 17. d4 Qd7 18. Rd1 Qc6 19. d5 Qc5 20. Rfe1 Nd7 21. Nb3 Qb6 22. Nbd2 Nc5 23. Nc4 Qa6 24. b3 Nxa4 25. Nxd6 cxd6 26. bxa4 Rac8 27. Qb3 Qc4 28. Qxb7 Qxa4 29. Qa6 Qxe4 30. Qxd6 Rxc3 31. Qb6 Qb4 32. Qxb4 axb4 33. Rb1 Rb8 34. d6 Kf8 35. Kf2 Ke8 36. Red1 Kd7 37. h4 f6 38. h5 Nf8 39. Nh4 b3 40. Nf5 Ne6 41. Rd2 Nc5 42. Ke2 Rc2 43. Kd1 Rxd2+ 44. Kxd2 Ne4+ 45. Kd3 Nxd6 46. Nxd6 Kxd6 47. Kc3 b2 48. Kc2 Ke6 49. e4 Rb4 50. Rxb2 Rxb2+ 51. Kxb2 f5 52. exf5+ Kxf5 53. Kc3 Kg4 54. Kd3 Kxh5 55. Ke4 Kg4 56. Kxe5 Kg3 57. Kf5 Kxg2 58. Kg4 g6 59. Kh4 Kf3 60. Kh3 g5 61. Kh2 g4 62. Kh1 Kf2 63. Kh2 g3+ 64. Kh3 g2 65. Kh4 g1=Q 66. Kh5 Qg5# 0-1


[Site "https://www.chess.com"]

[Event "Titled Tuesday Blitz March 07 Early 2023"]
[White "Wagner, Dennis"]
[Black "Leve, Nitai"]
[WhiteFideId "24650684"]
[BlackFideId "2006898"]
[WhiteElo "2470"]
[BlackElo "2144"]
[Result "1-0"]
[Round "01"]
[TimeControl "180+2"]
[Date "2023.03.07"]
[WhiteClock "0:00:18"]
[BlackClock "0:00:04"]

1. Nf3 d5 2. e3 Bg4 3. h3 Bxf3 4. Qxf3 e5 5. d3 Nc6 6. a3 a5 7. g4 Bd6 8. Bg2 Nge7 9. Nc3 d4 10. Ne4 O-O 11. g5 Qd7 12. h4 Qf5 13. Qg3 Qe6 14. Bh3 Qd5 15. h5 Kh8 16. h6 g6 17. Qf3 Ng8 18. Bg4 f5 19. gxf6 Nxf6 20. Nxf6 Qxf3 21. Bxf3 Rxf6 22. Bxc6 bxc6 23. e4 Raf8 24. Rh2 Rb8 25. Bg5 Rf7 26. b3 Be7 27. Bd2 a4 28. bxa4 Ra8 29. a5 Rff8 30. Rb1 Bxa3 31. Rb7 Bd6 32. Ke2 Rfb8 33. Rxb8+ Rxb8 34. Rh1 Kg8 35. Ra1 Kf7 36. a6 Bc5 37. Ra5 Rb5 38. Ra4 Ba7 39. Rc4 Rb6 40. Ra4 Rb5 41. Bb4 c5 42. Bd2 Kf6 43. f4 exf4 44. Bxf4 g5 45. Bxc7 Kg6 46. e5 Kxh6 47. e6 Kg6 48. e7 Kf7 49. Bd8 h5 50. Ra1 Rb6 51. Rf1+ Ke8 52. Rf8+ Kd7 53. e8=Q+ Kd6 54. Qe7+ Kd5 55. Rf5+ Kc6 56. Rxc5# 1-0


[Site "https://www.chess.com"]